Bruins vs Moose

Created - Sunday, November 22, 2015 at 03:16

Goals
1 2 3 OT1 SO T
Bruins 0 1 0 0 0 1
Moose 0 1 0 0 2 2
Shots
1 2 3 OT1 SO T
Bruins 15 7 6 3 2 31
Moose 7 10 5 3 2 25

1st period

No Goal

Penalties :
Cole Schneider (Pro) for Hooking (Minor) at 0:56, Andrew Agozzino (Pro) for Holding (Minor) at 8:14

2nd period

1. Moose , Greg McKegg 3 (Corey Cowick, Ben Chiarot) at 6:41
2. Bruins , Marko Dano 3 (Johan Alm) at 9:46

Penalties :
Greg McKegg (MAN) for Fighting (Major) at 0:03, Raman Hrabarenka (Pro) for Fighting (Major) at 0:03, Rob Flick (MAN) for Fighting (Major) at 1:38, Buddy Robinson (Pro) for Fighting (Major) at 1:38

3rd period

No Goal

Penalties :
Greg McKegg (MAN) for Fighting (Major) at 0:50, Magnus Nygren (Pro) for Fighting (Major) at 0:50, Scott Mayfield (MAN) for Roughing (Minor) at 11:28, Kevin Czuczman (Pro) for Diving (Minor) at 13:45

Overtime #1

No Goal

Penalties :
No Penalty

Shootout

Penalty Shot by Marko Dano for Bruins - Stopped by Patrik Bartosak
Penalty Shot by Michael Schumacher for Moose - Goal!
Penalty Shot by Dennis Everberg for Bruins - Stopped by Patrik Bartosak
Penalty Shot by Joel Armia for Moose - Goal!

Penalties :
No Penalty

Goalie Stats

Philipp Grubauer (Pro), 24 saves from 25 shots - (0.960), OTL, 11-2-8, 65:00 minutes
Patrik Bartosak (MAN), 30 saves from 31 shots - (0.968), W, 4-0-1, 65:00 minutes

Players Stats for Bruins

Player Name              G  A  P  +/- PIM S  H  SB GA TA FO     MP     PP MP  PK MP  
------------------------------------------------------------------------------------
Andrew Agozzino          0  0  0   0  2   3  1  0  0  1  8/9    16:55   0:50   0:00 
Beau Schmitz             0  0  0   0  0   0  0  1  0  0  0/0     7:42   0:00   0:00 
Borna Rendulic           0  0  0   0  0   5  3  0  0  0  0/1    16:31   0:50   0:00 
Brandon Alderson         0  0  0   1  0   1  3  0  0  1  0/1    10:29   0:00   0:00 
Buddy Robinson           0  0  0   0  5   2  0  0  2  0  0/0    16:16   0:24   0:00 
Cole Schneider           0  0  0   0  2   5  1  0  0  2  0/0    19:02   0:50   1:41 
Conor Allen              0  0  0  -1  0   1  1  0  2  1  0/0    22:14   1:25   2:07 
Dennis Everberg          0  0  0  -1  0   1  1  0  3  0  0/0    19:36   0:45   2:49 
Dennis Rasmussen         0  0  0   1  0   1  1  0  1  0  1/3     9:43   0:00   0:00 
Johan Alm                0  1  1   1  0   0  3  0  0  2  0/0    17:17   0:00   0:00 
Jordan Oesterle          0  0  0   0  0   0  0  0  0  1  0/0    22:29   0:34   3:50 
Kael Mouillierat         0  0  0   0  0   1  1  0  4  0  1/2    16:00   0:00   0:00 
Kevin Czuczman           0  0  0   1  2   0  1  0  0  0  0/0    14:40   0:00   0:00 
Kevin Porter             0  0  0  -1  0   1  1  0  2  0  1/2    18:12   1:09   2:46 
Magnus Nygren            0  0  0   0  5   1  0  2  1  1  0/0    20:28   0:34   3:50 
Marc Hagel               0  0  0   0  0   1  3  0  1  0  1/3    17:38   0:00   2:15 
Marko Dano               1  0  1   0  0   5  0  0  5  0  6/17   23:25   1:09   2:23 
Raman Hrabarenka         0  0  0  -1  5   3  1  4  0  1  0/0    25:20   1:25   2:07 

Players Stats for Moose

Player Name              G  A  P  +/- PIM S  H  SB GA TA FO     MP     PP MP  PK MP  
------------------------------------------------------------------------------------
Ben Chiarot              0  1  1   0  0   6  1  1  1  3  0/0    26:07   2:09   1:10 
Brandon Davidson         0  0  0   0  0   5  0  2  5  1  0/0    28:31   3:48   0:49 
Cedric Paquette          0  0  0   0  0   1  3  0  3  1  3/6    19:07   2:46   0:46 
Corey Cowick             0  1  1   1  0   0  0  0  0  2  0/0    16:53   0:30   1:07 
Daniil Tarasov           0  0  0   0  0   0  0  0  0  0  0/0     0:00   0:00   0:00 
Garret Ross              0  0  0   0  0   1  2  0  0  0  2/4    22:34   2:34   0:39 
Greg McKegg              1  0  1   1  10  3  5  0  2  0  5/9    18:46   2:34   0:00 
Joel Armia               0  0  0   1  0   3  2  0  2  0  1/1    20:55   2:28   0:39 
Joel Vermin              0  0  0   0  0   0  0  0  0  0  0/0     9:12   1:17   0:00 
Josh Jooris              0  0  0  -1  0   2  2  1  2  1  4/7    18:41   0:00   0:13 
Josh Manson              0  0  0   0  0   0  0  0  0  0  0/0     7:38   0:00   1:10 
Martin Marincin          0  0  0   0  0   1  1  0  3  0  0/0    26:38   1:44   0:00 
Michael Schumacher       0  0  0  -1  0   2  2  0  1  0  0/0    20:56   2:53   0:00 
Oscar Klefbom            0  0  0   0  0   0  0  6  1  4  0/0    28:42   3:48   0:49 
Rasmus Rissanen          0  0  0   0  0   0  0  0  0  0  0/0     0:51   0:00   0:00 
Rob Flick                0  0  0   0  5   1  3  0  1  1  2/4    16:38   0:37   0:34 
Ryan Malone              0  0  0  -1  0   0  3  0  0  0  3/7    22:05   2:12   0:00 
Scott Mayfield           0  0  0   0  2   0  0  0  0  1  0/0    13:43   0:25   0:00 

3 Stars

1 - Patrik Bartosak (MAN)
2 - Philipp Grubauer (Pro)
3 - Johan Alm (Pro)

Power Play

Bruins - 0 on 1 Attempt(s) - 0.00%
Moose - 0 on 3 Attempt(s) - 0.00%

Penalty Kill

Bruins - 3 on 3 Attempt(s) - 100.00% - Score 0 goal in Penalty Kill
Moose - 1 on 1 Attempt(s) - 100.00% - Score 0 goal in Penalty Kill

Team Stat

Bruins - Hits : 21 - Faceoff Wins : 18 - Blocked Shots : 7 - Penalty Minutes : 21
Moose - Hits : 24 - Faceoff Wins : 20 - Blocked Shots : 10 - Penalty Minutes : 17

Official

Referees : Unknown
Linesman : Unknown

Game Notes

Raman Hrabarenka beats up Greg McKegg at 0:03 of 2nd period
Rob Flick and Buddy Robinson fight to a draw at 1:38 of 2nd period
Greg McKegg and Magnus Nygren fight to a draw at 0:50 of 3rd period

Finance

Level 1 -- Attendance: 1353 (67.65%) -- Ticket Income $40,590
Level 2 -- Attendance: 816 (81.60%) -- Ticket Income $10,608
Total Attendance: 2169 (72.30%)
Total Ticket Income: $51,198
Other Income: $25,087
Total Income: $76,285

Bruins

5 vs 5 Forward 
   Center                   Left Wing                Right Wing               Time % Phy DF OF 
 1 Marko Dano               Dennis Everberg          Kevin Porter             35     1   2  2  
 2 Andrew Agozzino          Cole Schneider           Borna Rendulic           30     1   2  2  
 3 Kael Mouillierat         Marc Hagel               Buddy Robinson           22     1   2  2  
 4 Dennis Rasmussen         Marko Dano               Brandon Alderson         13     1   2  2  

5 vs 5 Defense 
   Defense                  Defense                                           Time % Phy DF OF 
 1 Raman Hrabarenka         Conor Allen                                       35     1   2  2  
 2 Magnus Nygren            Jordan Oesterle                                   30     1   2  2  
 3 Johan Alm                Kevin Czuczman                                    22     1   2  2  
 4 Beau Schmitz             Raman Hrabarenka                                  13     1   2  2  

PowerPlay Forward 
   Center                   Left Wing                Right Wing               Time % Phy DF OF 
 1 Marko Dano               Dennis Everberg          Kevin Porter             60     1   2  2  
 2 Andrew Agozzino          Cole Schneider           Borna Rendulic           40     1   2  2  

PowerPlay Defense
   Defense                  Defense                                           Time % Phy DF OF 
 1 Raman Hrabarenka         Conor Allen                                       60     1   2  2  
 2 Magnus Nygren            Jordan Oesterle                                   40     1   2  2  

Penalty Kill 4 Players Forward 
   Center                   Wing                     Time % Phy DF OF 
 1 Marko Dano               Dennis Everberg          60     1   2  2  
 2 Kevin Porter             Cole Schneider           40     1   2  2  

Penalty Kill 4 Players Defense
   Defense                  Defense                  Time % Phy DF OF 
 1 Raman Hrabarenka         Conor Allen              60     1   2  2  
 2 Magnus Nygren            Jordan Oesterle          40     1   2  2  

Penalty Kill - 3 Players Forward 
   Forward                                           Time % Phy DF OF 
 1 Marko Dano                                        60     1   2  2  
 2 Dennis Everberg                                   40     1   2  2  

Penalty Kill - 3 Players Defense
   Defense                  Defense                  Time % Phy DF OF 
 1 Raman Hrabarenka         Conor Allen              60     1   2  2  
 2 Magnus Nygren            Jordan Oesterle          40     1   2  2  

4 vs 4 Forward 
   Center                   Wing                     Time % Phy DF OF 
 1 Marko Dano               Dennis Everberg          60     1   2  2  
 2 Kevin Porter             Cole Schneider           40     1   2  2  

4 vs 4 Defense
   Defense                  Defense                  Time % Phy DF OF 
 1 Raman Hrabarenka         Conor Allen              60     1   2  2  
 2 Magnus Nygren            Jordan Oesterle          40     1   2  2  

Last Minutes Offensive
   Center                   Left Wing                Right Wing               Defense                  Defense                  
   Marko Dano               Dennis Everberg          Kevin Porter             Raman Hrabarenka         Conor Allen              

Last Minutes Defensive
   Center                   Left Wing                Right Wing               Defense                  Defense                  
   Marko Dano               Dennis Everberg          Kevin Porter             Raman Hrabarenka         Conor Allen              

Goaltenders
Starting : Philipp Grubauer         
Backup : Connor Hellebuyck        

Extra Forwards
Normal : Buddy Robinson, Kael Mouillierat, Marc Hagel - PP : Buddy Robinson, Kael Mouillierat - PK : Marc Hagel
Extra Defensemen
Normal : Johan Alm, Kevin Czuczman, Beau Schmitz - PP : Johan Alm - PK : Kevin Czuczman, Beau Schmitz
Penalty Shots
Marko Dano, Dennis Everberg, Kevin Porter, Cole Schneider, Borna Rendulic

Moose

5 vs 5 Forward 
   Center                   Left Wing                Right Wing               Time % Phy DF OF 
 1 Josh Jooris              Michael Schumacher       Ryan Malone              35     1   2  2  
 2 Greg McKegg              Garret Ross              Joel Armia               30     1   2  2  
 3 Ryan Malone              Michael Schumacher       Cedric Paquette          22     1   2  2  
 4 Rob Flick                Greg McKegg              Garret Ross              13     1   2  2  

5 vs 5 Defense 
   Defense                  Defense                                           Time % Phy DF OF 
 1 Oscar Klefbom            Brandon Davidson                                  35     1   2  2  
 2 Martin Marincin          Ben Chiarot                                       30     1   2  2  
 3 Brandon Davidson         Oscar Klefbom                                     22     1   2  2  
 4 Martin Marincin          Oscar Klefbom                                     13     1   2  2  

PowerPlay Forward 
   Center                   Left Wing                Right Wing               Time % Phy DF OF 
 1 Cedric Paquette          Michael Schumacher       Ryan Malone              60     1   2  2  
 2 Greg McKegg              Garret Ross              Joel Armia               40     1   2  2  

PowerPlay Defense
   Defense                  Defense                                           Time % Phy DF OF 
 1 Oscar Klefbom            Brandon Davidson                                  60     1   2  2  
 2 Martin Marincin          Ben Chiarot                                       40     1   2  2  

Penalty Kill 4 Players Forward 
   Center                   Wing                     Time % Phy DF OF 
 1 Garret Ross              Joel Armia               60     1   2  2  
 2 Ryan Malone              Greg McKegg              40     1   2  2  

Penalty Kill 4 Players Defense
   Defense                  Defense                  Time % Phy DF OF 
 1 Oscar Klefbom            Brandon Davidson         60     1   2  2  
 2 Martin Marincin          Ben Chiarot              40     1   2  2  

Penalty Kill - 3 Players Forward 
   Forward                                           Time % Phy DF OF 
 1 Ryan Malone                                       60     1   2  2  
 2 Greg McKegg                                       40     1   2  2  

Penalty Kill - 3 Players Defense
   Defense                  Defense                  Time % Phy DF OF 
 1 Oscar Klefbom            Brandon Davidson         60     1   2  2  
 2 Martin Marincin          Ben Chiarot              40     1   2  2  

4 vs 4 Forward 
   Center                   Wing                     Time % Phy DF OF 
 1 Garret Ross              Joel Armia               60     1   2  2  
 2 Ryan Malone              Greg McKegg              40     1   2  2  

4 vs 4 Defense
   Defense                  Defense                  Time % Phy DF OF 
 1 Oscar Klefbom            Brandon Davidson         60     1   2  2  
 2 Martin Marincin          Ben Chiarot              40     1   2  2  

Last Minutes Offensive
   Center                   Left Wing                Right Wing               Defense                  Defense                  
   Greg McKegg              Garret Ross              Ryan Malone              Oscar Klefbom            Martin Marincin          

Last Minutes Defensive
   Center                   Left Wing                Right Wing               Defense                  Defense                  
   Greg McKegg              Garret Ross              Ryan Malone              Oscar Klefbom            Martin Marincin          

Goaltenders
Starting : Patrik Bartosak          
Backup : Sam Brittain             

Extra Forwards
Normal : Greg McKegg, Garret Ross, Ryan Malone - PP : Greg McKegg, Ryan Malone - PK : Ryan Malone
Extra Defensemen
Normal : Brandon Davidson, Oscar Klefbom, Martin Marincin - PP : Brandon Davidson - PK : Oscar Klefbom, Martin Marincin
Penalty Shots
Michael Schumacher, Joel Armia, Ryan Malone, Greg McKegg, Garret Ross

% Time on Ice - Bruins

Lines # - Real PCT - Wanted PCT - Time Play
Normal Forward
1 - 25% - 35% - 13:16
2 - 30% - 30% - 15:41
3 - 26% - 22% - 13:47
4 - 18% - 13% - 9:20
Normal Defense
1 - 31% - 35% - 16:00
2 - 30% - 30% - 15:47
3 - 24% - 22% - 12:35
4 - 15% - 13% - 7:42
PP Forward
1 - 58% - 60% - 1:09
2 - 42% - 40% - 0:50
PP Defense
1 - 71% - 60% - 1:25
2 - 29% - 40% - 0:34
PK Forward
1 - 75% - 60% - 4:28
2 - 25% - 40% - 1:29
PK Defense
1 - 36% - 60% - 2:07
2 - 64% - 40% - 3:50
PK3 Forward
1 - 0% - 60%
2 - 0% - 40%
PK3 Defense
1 - 0% - 60%
2 - 0% - 40%
44 Forward
1 - 100% - 60% - 5:00
2 - 0% - 40% - 0:00
44 Defense
1 - 54% - 60% - 2:42
2 - 46% - 40% - 2:18
Last Minute Offensive  - 0:00
Last Minute Defensive  - 0:00
Total
Forward - 65:00
Defense - 65:00

% Time on Ice - Moose

Lines # - Real PCT - Wanted PCT - Time Play
Normal Forward
1 - 35% - 35% - 17:59
2 - 33% - 30% - 17:02
3 - 13% - 22% - 6:50
4 - 20% - 13% - 10:13
Normal Defense
1 - 31% - 35% - 16:12
2 - 41% - 30% - 21:21
3 - 16% - 22% - 8:22
4 - 12% - 13% - 6:09
PP Forward
1 - 50% - 60% - 2:58
2 - 50% - 40% - 2:59
PP Defense
1 - 64% - 60% - 3:48
2 - 36% - 40% - 2:09
PK Forward
1 - 100% - 60% - 1:59
2 - 0% - 40% - 0:00
PK Defense
1 - 41% - 60% - 0:49
2 - 59% - 40% - 1:10
PK3 Forward
1 - 0% - 60%
2 - 0% - 40%
PK3 Defense
1 - 0% - 60%
2 - 0% - 40%
44 Forward
1 - 100% - 60% - 5:00
2 - 0% - 40% - 0:00
44 Defense
1 - 56% - 60% - 2:49
2 - 44% - 40% - 2:11
Last Minute Offensive  - 0:00
Last Minute Defensive  - 0:00
Total
Forward - 65:00
Defense - 65:00

Play by Play

1st period


0:01 of 1st period - Josh Jooris wins face-off versus Marko Dano in neutral zone.
0:04 of 1st period - Slapshot by Oscar Klefbom.
0:04 of 1st period - Shot Misses the Net.
0:20 of 1st period - Snap shot by Kevin Porter.
0:20 of 1st period - Stopped by Patrik Bartosak with a rebound.
0:22 of 1st period - Wrist shot by Dennis Everberg.
0:22 of 1st period - Shot Blocked by Brandon Davidson.
0:24 of 1st period - Wrist shot by Marko Dano.
0:24 of 1st period - Shot Misses the Net.
0:26 of 1st period - Slapshot by Marko Dano.
0:26 of 1st period - Stopped by Patrik Bartosak with a rebound.
0:28 of 1st period - Snap shot by Raman Hrabarenka.
0:28 of 1st period - Shot Misses the Net.
0:30 of 1st period - Wrist shot by Raman Hrabarenka.
0:30 of 1st period - Deflect By Oscar Klefbom.
0:30 of 1st period - Stopped by Patrik Bartosak with a rebound.
0:32 of 1st period - Snap shot by Dennis Everberg.
0:32 of 1st period - Stopped by Patrik Bartosak with a rebound.
0:34 of 1st period - Wrist shot by Dennis Everberg.
0:34 of 1st period - Shot Misses the Net.
0:36 of 1st period - Slapshot by Raman Hrabarenka.
0:36 of 1st period - Stopped by Patrik Bartosak without a rebound.
0:37 of 1st period - Greg McKegg wins face-off versus Borna Rendulic in Moose zone.
0:56 of 1st period - Minor Penalty to Cole Schneider for Hooking.
0:57 of 1st period - Marko Dano wins face-off versus Cedric Paquette in Bruins zone.
1:07 of 1st period - Slapshot by Brandon Davidson.
1:07 of 1st period - Stopped by Philipp Grubauer without a rebound.
1:08 of 1st period - Cedric Paquette wins face-off versus Marko Dano in Bruins zone.
1:13 of 1st period - Slapshot by Brandon Davidson.
1:13 of 1st period - Stopped by Philipp Grubauer without a rebound.
1:14 of 1st period - Marko Dano wins face-off versus Ryan Malone in Bruins zone.
2:07 of 1st period - Backhand shot by Dennis Everberg.
2:07 of 1st period - Shot Misses the Net.
2:56 of 1st period - Penalty to Cole Schneider is over, Cole Schneider is back on ice.
2:58 of 1st period - Ben Chiarot is hit by Dennis Everberg and loses puck.
3:47 of 1st period - Snap shot by Buddy Robinson.
3:47 of 1st period - Shot Misses the Net.
3:49 of 1st period - Wrist shot by Buddy Robinson.
3:49 of 1st period - Stopped by Patrik Bartosak with a rebound.
4:11 of 1st period - Martin Marincin is hit by Borna Rendulic and loses puck.
4:50 of 1st period - Snap shot by Marko Dano.
4:50 of 1st period - Shot Misses the Net.
5:10 of 1st period - Snap shot by Buddy Robinson.
5:10 of 1st period - Deflect By Marc Hagel.
5:10 of 1st period - Stopped by Patrik Bartosak with a rebound.
5:14 of 1st period - Slapshot by Buddy Robinson.
5:14 of 1st period - Stopped by Patrik Bartosak with a rebound.
5:16 of 1st period - Slapshot by Marc Hagel.
5:16 of 1st period - Shot Blocked by Oscar Klefbom.
5:32 of 1st period - Oscar Klefbom is hit by Borna Rendulic and loses puck.
6:25 of 1st period - Slapshot by Josh Jooris.
6:25 of 1st period - Shot Misses the Net.
6:41 of 1st period - Martin Marincin is hit by Dennis Rasmussen and loses puck.
7:04 of 1st period - Slapshot by Kael Mouillierat.
7:04 of 1st period - Shot Misses the Net.
7:38 of 1st period - Snap shot by Joel Armia.
7:38 of 1st period - Deflect By Rob Flick.
7:38 of 1st period - Stopped by Philipp Grubauer with a rebound.
8:14 of 1st period - Minor Penalty to Andrew Agozzino for Holding.
8:15 of 1st period - Marc Hagel wins face-off versus Rob Flick in Bruins zone.
8:57 of 1st period - Slapshot by Brandon Davidson.
8:57 of 1st period - Stopped by Philipp Grubauer without a rebound.
8:58 of 1st period - Kevin Porter wins face-off versus Cedric Paquette in Bruins zone.
9:07 of 1st period - Conor Allen is hit by Greg McKegg.
9:12 of 1st period - Off-side.
9:13 of 1st period - Greg McKegg wins face-off versus Marko Dano in neutral zone.
9:16 of 1st period - Marko Dano is hit by Greg McKegg and loses puck.
10:00 of 1st period - Cole Schneider is hit by Greg McKegg and loses puck.
10:14 of 1st period - Penalty to Andrew Agozzino is over, Andrew Agozzino is back on ice.
11:15 of 1st period - Snap shot by Borna Rendulic.
11:15 of 1st period - Shot Blocked by Oscar Klefbom.
11:17 of 1st period - Slapshot by Conor Allen.
11:17 of 1st period - Shot Blocked by Oscar Klefbom.
11:19 of 1st period - Snap shot by Andrew Agozzino.
11:19 of 1st period - Stopped by Patrik Bartosak with a rebound.
11:21 of 1st period - Snap shot by Andrew Agozzino.
11:21 of 1st period - Shot Misses the Net.
11:29 of 1st period - Slapshot by Andrew Agozzino.
11:29 of 1st period - Shot Blocked by Oscar Klefbom.
11:31 of 1st period - Snap shot by Andrew Agozzino.
11:31 of 1st period - Stopped by Patrik Bartosak with a rebound.
12:07 of 1st period - Wrist shot by Marc Hagel.
12:07 of 1st period - Shot Blocked by Brandon Davidson.
12:09 of 1st period - Slapshot by Beau Schmitz.
12:09 of 1st period - Shot Misses the Net.
12:25 of 1st period - Snap shot by Borna Rendulic.
12:25 of 1st period - Shot Misses the Net.
12:27 of 1st period - Slapshot by Andrew Agozzino.
12:27 of 1st period - Deflect By Borna Rendulic.
12:27 of 1st period - Stopped by Patrik Bartosak with a rebound.
12:31 of 1st period - Snap shot by Borna Rendulic.
12:31 of 1st period - Stopped by Patrik Bartosak without a rebound.
12:32 of 1st period - Andrew Agozzino wins face-off versus Josh Jooris in Moose zone.
12:35 of 1st period - Wrist shot by Borna Rendulic.
12:35 of 1st period - Stopped by Patrik Bartosak with a rebound.
13:05 of 1st period - Wrist shot by Josh Jooris.
13:05 of 1st period - Stopped by Philipp Grubauer without a rebound.
13:06 of 1st period - Dennis Rasmussen wins face-off versus Josh Jooris in Bruins zone.
13:06 of 1st period - Dennis Rasmussen is hit by Michael Schumacher.
13:16 of 1st period - Snap shot by Marko Dano.
13:16 of 1st period - Stopped by Patrik Bartosak with a rebound.
13:30 of 1st period - Martin Marincin is hit by Marc Hagel and loses puck.
13:47 of 1st period - Slapshot by Buddy Robinson.
13:47 of 1st period - Shot Misses the Net.
14:28 of 1st period - Ben Chiarot is hit by Johan Alm and loses puck.
14:41 of 1st period - Scott Mayfield is hit by Marc Hagel and loses puck.
14:51 of 1st period - Off-side.
14:52 of 1st period - Cedric Paquette wins face-off versus Kael Mouillierat in neutral zone.
15:21 of 1st period - Off-side.
15:22 of 1st period - Andrew Agozzino wins face-off versus Rob Flick in neutral zone.
15:25 of 1st period - Rob Flick is hit by Borna Rendulic and loses puck.
16:30 of 1st period - Snap shot by Joel Armia.
16:30 of 1st period - Shot Misses the Net.
16:50 of 1st period - Jordan Oesterle is hit by Cedric Paquette and loses puck.
17:20 of 1st period - Slapshot by Ben Chiarot.
17:20 of 1st period - Stopped by Philipp Grubauer with a rebound.
18:04 of 1st period - Snap shot by Brandon Davidson.
18:04 of 1st period - Deflect By Kael Mouillierat.
18:04 of 1st period - Stopped by Philipp Grubauer without a rebound.
18:05 of 1st period - Andrew Agozzino wins face-off versus Ryan Malone in Bruins zone.
18:10 of 1st period - Slapshot by Brandon Davidson.
18:10 of 1st period - Shot Blocked by Raman Hrabarenka.
18:57 of 1st period - Snap shot by Brandon Davidson.
18:57 of 1st period - Shot Misses the Net.
19:09 of 1st period - Magnus Nygren is hit by Ryan Malone and loses puck.
19:44 of 1st period - Wrist shot by Dennis Rasmussen.
19:44 of 1st period - Stopped by Patrik Bartosak without a rebound.
19:45 of 1st period - Greg McKegg wins face-off versus Marko Dano in Moose zone.
19:50 of 1st period - Dennis Rasmussen is hit by Garret Ross and loses puck.
Goals for this period are 0 for Bruins vs 0 for Moose.
Shots for this period are 15 for Bruins vs 7 for Moose.

2nd period


0:01 of 2nd period - Greg McKegg wins face-off versus Marko Dano in neutral zone.
0:03 of 2nd period - Raman Hrabarenka beats up Greg McKegg.
0:03 of 2nd period - Penalty to Greg McKegg for Fighting.
0:03 of 2nd period - Penalty to Raman Hrabarenka for Fighting.
0:04 of 2nd period - Marko Dano wins face-off versus Garret Ross in neutral zone.
0:18 of 2nd period - Snap shot by Brandon Davidson.
0:18 of 2nd period - Shot Misses the Net.
0:20 of 2nd period - Snap shot by Brandon Davidson.
0:20 of 2nd period - Shot Misses the Net.
0:32 of 2nd period - Wrist shot by Garret Ross.
0:32 of 2nd period - Stopped by Philipp Grubauer without a rebound.
0:33 of 2nd period - Andrew Agozzino wins face-off versus Ryan Malone in Bruins zone.
0:58 of 2nd period - Wrist shot by Cole Schneider.
0:58 of 2nd period - Stopped by Patrik Bartosak with a rebound.
1:28 of 2nd period - Buddy Robinson is hit by Joel Armia and loses puck.
1:38 of 2nd period - Rob Flick and Buddy Robinson fight to a draw.
1:38 of 2nd period - Penalty to Rob Flick for Fighting.
1:38 of 2nd period - Penalty to Buddy Robinson for Fighting.
1:39 of 2nd period - Ryan Malone wins face-off versus Marko Dano in neutral zone.
2:51 of 2nd period - Slapshot by Ben Chiarot.
2:51 of 2nd period - Deflect By Borna Rendulic.
2:51 of 2nd period - Stopped by Philipp Grubauer with a rebound.
2:53 of 2nd period - Snap shot by Michael Schumacher.
2:53 of 2nd period - Deflect By Borna Rendulic.
2:53 of 2nd period - Stopped by Philipp Grubauer with a rebound.
2:55 of 2nd period - Slapshot by Ben Chiarot.
2:55 of 2nd period - Stopped by Philipp Grubauer without a rebound.
2:56 of 2nd period - Ryan Malone wins face-off versus Brandon Alderson in Bruins zone.
3:43 of 2nd period - Wrist shot by Borna Rendulic.
3:43 of 2nd period - Stopped by Patrik Bartosak with a rebound.
4:08 of 2nd period - Slapshot by Cole Schneider.
4:08 of 2nd period - Stopped by Patrik Bartosak with a rebound.
4:32 of 2nd period - Brandon Davidson is hit by Johan Alm and loses puck.
5:21 of 2nd period - Slapshot by Michael Schumacher.
5:21 of 2nd period - Shot Misses the Net.
6:00 of 2nd period - Kevin Porter is hit by Josh Jooris and loses puck.
6:23 of 2nd period - Snap shot by Greg McKegg.
6:23 of 2nd period - Stopped by Philipp Grubauer with a rebound.
6:25 of 2nd period - Snap shot by Cedric Paquette.
6:25 of 2nd period - Shot Misses the Net.
6:37 of 2nd period - Snap shot by Ben Chiarot.
6:37 of 2nd period - Shot Blocked by Raman Hrabarenka.
6:41 of 2nd period - Snap shot by Greg McKegg.
6:41 of 2nd period - Goal by Greg McKegg - Bruins : 0 - Moose : 1.
6:42 of 2nd period - Andrew Agozzino wins face-off versus Josh Jooris in neutral zone.
7:51 of 2nd period - Snap shot by Cedric Paquette.
7:51 of 2nd period - Stopped by Philipp Grubauer with a rebound.
7:53 of 2nd period - Backhand shot by Cedric Paquette.
7:53 of 2nd period - Shot Blocked by Magnus Nygren.
8:11 of 2nd period - Rob Flick is hit by Brandon Alderson and loses puck.
8:48 of 2nd period - Cole Schneider is hit by Cedric Paquette.
9:08 of 2nd period - Kael Mouillierat is hit by Rob Flick.
9:32 of 2nd period - Icing by Josh Jooris.
9:33 of 2nd period - Josh Jooris wins face-off versus Dennis Rasmussen in Moose zone.
9:38 of 2nd period - Johan Alm is hit by Michael Schumacher.
9:46 of 2nd period - Snap shot by Marko Dano.
9:46 of 2nd period - Deflect By Josh Jooris.
9:46 of 2nd period - Goal by Marko Dano - Bruins : 1 - Moose : 1.
9:47 of 2nd period - Andrew Agozzino wins face-off versus Greg McKegg in neutral zone.
11:00 of 2nd period - Brandon Davidson is hit by Conor Allen.
12:46 of 2nd period - Slapshot by Greg McKegg.
12:46 of 2nd period - Stopped by Philipp Grubauer without a rebound.
12:47 of 2nd period - Kael Mouillierat wins face-off versus Greg McKegg in Bruins zone.
13:04 of 2nd period - Wrist shot by Brandon Davidson.
13:04 of 2nd period - Stopped by Philipp Grubauer with a rebound.
13:26 of 2nd period - Slapshot by Borna Rendulic.
13:26 of 2nd period - Stopped by Patrik Bartosak without a rebound.
13:27 of 2nd period - Joel Armia wins face-off versus Andrew Agozzino in Moose zone.
13:27 of 2nd period - Joel Armia is hit by Andrew Agozzino.
13:49 of 2nd period - Cole Schneider is hit by Ryan Malone and loses puck.
15:35 of 2nd period - Wrist shot by Andrew Agozzino.
15:35 of 2nd period - Stopped by Patrik Bartosak with a rebound.
15:37 of 2nd period - Snap shot by Cole Schneider.
15:37 of 2nd period - Stopped by Patrik Bartosak with a rebound.
16:32 of 2nd period - Kael Mouillierat is hit by Greg McKegg and loses puck.
17:39 of 2nd period - Slapshot by Michael Schumacher.
17:39 of 2nd period - Shot Misses the Net.
17:41 of 2nd period - Slapshot by Michael Schumacher.
17:41 of 2nd period - Stopped by Philipp Grubauer with a rebound.
19:56 of 2nd period - Buddy Robinson is hit by Rob Flick and loses puck.
Goals for this period are 1 for Bruins vs 1 for Moose.
Shots for this period are 7 for Bruins vs 10 for Moose.

3rd period


0:01 of 3rd period - Josh Jooris wins face-off versus Marko Dano in neutral zone.
0:34 of 3rd period - Slapshot by Josh Jooris.
0:34 of 3rd period - Stopped by Philipp Grubauer without a rebound.
0:35 of 3rd period - Andrew Agozzino wins face-off versus Greg McKegg in Bruins zone.
0:35 of 3rd period - Andrew Agozzino is hit by Greg McKegg.
0:50 of 3rd period - Greg McKegg and Magnus Nygren fight to a draw.
0:50 of 3rd period - Penalty to Greg McKegg for Fighting.
0:50 of 3rd period - Penalty to Magnus Nygren for Fighting.
0:51 of 3rd period - Josh Jooris wins face-off versus Marko Dano in Moose zone.
1:08 of 3rd period - Wrist shot by Kevin Porter.
1:08 of 3rd period - Shot Misses the Net.
1:42 of 3rd period - Brandon Davidson is hit by Cole Schneider and loses puck.
2:45 of 3rd period - Snap shot by Ben Chiarot.
2:45 of 3rd period - Shot Blocked by Raman Hrabarenka.
2:53 of 3rd period - Snap shot by Ben Chiarot.
2:53 of 3rd period - Stopped by Philipp Grubauer with a rebound.
2:59 of 3rd period - Ben Chiarot is hit by Kael Mouillierat and loses puck.
3:20 of 3rd period - Snap shot by Brandon Alderson.
3:20 of 3rd period - Stopped by Patrik Bartosak with a rebound.
3:46 of 3rd period - Brandon Davidson is hit by Johan Alm and loses puck.
4:46 of 3rd period - Raman Hrabarenka is hit by Rob Flick and loses puck.
5:05 of 3rd period - Slapshot by Ben Chiarot.
5:05 of 3rd period - Stopped by Philipp Grubauer without a rebound.
5:06 of 3rd period - Andrew Agozzino wins face-off versus Cedric Paquette in Bruins zone.
5:29 of 3rd period - Kevin Porter is hit by Cedric Paquette and loses puck.
5:36 of 3rd period - Snap shot by Kevin Czuczman.
5:36 of 3rd period - Shot Blocked by Ben Chiarot.
7:17 of 3rd period - Wrist shot by Borna Rendulic.
7:17 of 3rd period - Deflect By Cole Schneider.
7:17 of 3rd period - Stopped by Patrik Bartosak with a rebound.
7:19 of 3rd period - Slapshot by Borna Rendulic.
7:19 of 3rd period - Shot Misses the Net.
7:21 of 3rd period - Wrist shot by Cole Schneider.
7:21 of 3rd period - Shot Misses the Net.
7:23 of 3rd period - Slapshot by Magnus Nygren.
7:23 of 3rd period - Stopped by Patrik Bartosak without a rebound.
7:24 of 3rd period - Greg McKegg wins face-off versus Marko Dano in Moose zone.
7:33 of 3rd period - Slapshot by Marko Dano.
7:33 of 3rd period - Stopped by Patrik Bartosak with a rebound.
8:48 of 3rd period - Oscar Klefbom is hit by Brandon Alderson.
9:40 of 3rd period - Joel Armia is hit by Kevin Czuczman and loses puck.
9:49 of 3rd period - Slapshot by Ben Chiarot.
9:49 of 3rd period - Shot Blocked by Beau Schmitz.
9:51 of 3rd period - Wrist shot by Joel Armia.
9:51 of 3rd period - Stopped by Philipp Grubauer with a rebound.
10:13 of 3rd period - Slapshot by Ben Chiarot.
10:13 of 3rd period - Shot Misses the Net.
10:37 of 3rd period - Slapshot by Ben Chiarot.
10:37 of 3rd period - Shot Misses the Net.
10:49 of 3rd period - Slapshot by Martin Marincin.
10:49 of 3rd period - Stopped by Philipp Grubauer with a rebound.
10:51 of 3rd period - Slapshot by Scott Mayfield.
10:51 of 3rd period - Shot Misses the Net.
11:09 of 3rd period - Corey Cowick is hit by Marc Hagel and loses puck.
11:20 of 3rd period - Snap shot by Kael Mouillierat.
11:20 of 3rd period - Stopped by Patrik Bartosak with a rebound.
11:22 of 3rd period - Slapshot by Conor Allen.
11:22 of 3rd period - Shot Misses the Net.
11:28 of 3rd period - Minor Penalty to Scott Mayfield for Roughing.
11:29 of 3rd period - Garret Ross wins face-off versus Marko Dano in Moose zone.
13:21 of 3rd period - Conor Allen is hit by Josh Jooris and loses puck.
13:28 of 3rd period - Penalty to Scott Mayfield is over, Scott Mayfield is back on ice.
13:28 of 3rd period - Brandon Davidson is hit by Raman Hrabarenka and loses puck.
13:33 of 3rd period - Snap shot by Marko Dano.
13:33 of 3rd period - Shot Blocked by Oscar Klefbom.
13:45 of 3rd period - Minor Penalty to Kevin Czuczman for Diving.
13:46 of 3rd period - Cedric Paquette wins face-off versus Marko Dano in Bruins zone.
14:00 of 3rd period - Icing by Martin Marincin.
14:01 of 3rd period - Marko Dano wins face-off versus Ryan Malone in Moose zone.
14:34 of 3rd period - Marc Hagel is hit by Ben Chiarot and loses puck.
15:23 of 3rd period - Kevin Porter is hit by Garret Ross and loses puck.
15:32 of 3rd period - Slapshot by Jordan Oesterle.
15:32 of 3rd period - Deflect By Cole Schneider.
15:32 of 3rd period - Stopped by Patrik Bartosak without a rebound.
15:33 of 3rd period - Rob Flick wins face-off versus Kevin Porter in Moose zone.
15:44 of 3rd period - Snap shot by Martin Marincin.
15:44 of 3rd period - Shot Misses the Net.
15:45 of 3rd period - Penalty to Kevin Czuczman is over, Kevin Czuczman is back on ice.
16:15 of 3rd period - Wrist shot by Buddy Robinson.
16:15 of 3rd period - Shot Blocked by Josh Jooris.
16:17 of 3rd period - Wrist shot by Marc Hagel.
16:17 of 3rd period - Shot Misses the Net.
16:19 of 3rd period - Slapshot by Buddy Robinson.
16:19 of 3rd period - Shot Misses the Net.
18:16 of 3rd period - Slapshot by Raman Hrabarenka.
18:16 of 3rd period - Deflect By Marko Dano.
18:16 of 3rd period - Shot Misses the Net.
18:16 of 3rd period - Puck is out of play.
18:17 of 3rd period - Ryan Malone wins face-off versus Dennis Rasmussen in Moose zone.
18:17 of 3rd period - Ryan Malone is hit by Brandon Alderson.
19:51 of 3rd period - Rob Flick is hit by Kevin Porter and loses puck.
Goals for this period are 0 for Bruins vs 0 for Moose.
Shots for this period are 6 for Bruins vs 5 for Moose.

Overtime #1


0:01 of 1st overtime period - Marko Dano wins face-off versus Garret Ross in neutral zone.
0:48 of 1st overtime period - Snap shot by Garret Ross.
0:48 of 1st overtime period - Shot Misses the Net.
0:50 of 1st overtime period - Slapshot by Joel Armia.
0:50 of 1st overtime period - Stopped by Philipp Grubauer with a rebound.
0:52 of 1st overtime period - Slapshot by Ben Chiarot.
0:52 of 1st overtime period - Deflect By Joel Armia.
0:52 of 1st overtime period - Stopped by Philipp Grubauer with a rebound.
0:54 of 1st overtime period - Slapshot by Ben Chiarot.
0:54 of 1st overtime period - Deflect By Raman Hrabarenka.
0:54 of 1st overtime period - Stopped by Philipp Grubauer with a rebound.
0:56 of 1st overtime period - Backhand shot by Martin Marincin.
0:56 of 1st overtime period - Shot Blocked by Raman Hrabarenka.
1:52 of 1st overtime period - Slapshot by Conor Allen.
1:52 of 1st overtime period - Stopped by Patrik Bartosak with a rebound.
2:09 of 1st overtime period - Slapshot by Buddy Robinson.
2:09 of 1st overtime period - Shot Misses the Net.
2:15 of 1st overtime period - Jordan Oesterle is hit by Ryan Malone and loses puck.
2:34 of 1st overtime period - Slapshot by Raman Hrabarenka.
2:34 of 1st overtime period - Deflect By Marc Hagel.
2:34 of 1st overtime period - Shot Blocked by Oscar Klefbom.
2:34 of 1st overtime period - Puck is out of play.
2:35 of 1st overtime period - Rob Flick wins face-off versus Marc Hagel in Moose zone.
3:22 of 1st overtime period - Magnus Nygren is hit by Joel Armia and loses puck.
3:27 of 1st overtime period - Slapshot by Martin Marincin.
3:27 of 1st overtime period - Shot Misses the Net.
3:29 of 1st overtime period - Slapshot by Martin Marincin.
3:29 of 1st overtime period - Shot Blocked by Magnus Nygren.
3:58 of 1st overtime period - Kael Mouillierat is hit by Martin Marincin.
4:24 of 1st overtime period - Slapshot by Raman Hrabarenka.
4:24 of 1st overtime period - Deflect By Brandon Davidson.
4:24 of 1st overtime period - Stopped by Patrik Bartosak without a rebound.
4:25 of 1st overtime period - Garret Ross wins face-off versus Marc Hagel in Moose zone.
4:42 of 1st overtime period - Wrist shot by Marko Dano.
4:42 of 1st overtime period - Stopped by Patrik Bartosak without a rebound.
4:43 of 1st overtime period - Marko Dano wins face-off versus Greg McKegg in Moose zone.
Goals for this period are 0 for Bruins vs 0 for Moose.
Shots for this period are 3 for Bruins vs 3 for Moose.

ShootOut


5:00 of 1st overtime period - Penalty Shot by Marko Dano for Bruins.
5:00 of 1st overtime period - Wrist shot by Marko Dano.
5:00 of 1st overtime period - Stopped by Patrik Bartosak.
5:00 of 1st overtime period - Penalty Shot by Michael Schumacher for Moose.
5:00 of 1st overtime period - Deke by Michael Schumacher.
5:00 of 1st overtime period - Goal by Michael Schumacher.
5:00 of 1st overtime period - Penalty Shot by Dennis Everberg for Bruins.
5:00 of 1st overtime period - Snap shot by Dennis Everberg.
5:00 of 1st overtime period - Stopped by Patrik Bartosak.
5:00 of 1st overtime period - Penalty Shot by Joel Armia for Moose.
5:00 of 1st overtime period - Deke by Joel Armia.
5:00 of 1st overtime period - Goal by Joel Armia.